 Dungeon Crawl Stone Soup version 0.27.1-33-g824d729ab1 (webtiles) character file.

Game seed: 7807905575303400126

15210 pkoi the Destroyer (level 11, -12/85 HPs)
             Began as a Grey Draconian Conjurer on Nov 30, 2021.
             Was an Elder of Dithmenos.
             Mangled by a cane toad (21 damage)
             ... on level 10 of the Dungeon.
             The game lasted 00:29:23 (15054 turns).

pkoi the Destroyer (Grey Draconian Conjurer)       Turns: 15054, Time: 00:29:23

Health: -12/85     AC: 12    Str:  9    XL:     11   Next: 98%
Magic:  14/17      EV: 13    Int: 22    God:    Dithmenos [****..]
Gold:   637        SH:  0    Dex: 10    Spells: 0/18 levels left

rFire    . . .     SeeInvis .     - Unarmed
rCold    . . .     Faith    .   (no shield)
rNeg     . . .     Spirit   .   (armour unavailable)
rPois    .         Reflect  .   (helmet restricted)
rElec    .         Harm     +   l - scarf {harm}
rCorr    .         Rampage  .   (no gloves)
Will     .....                  (no boots)
Stlth    +++.......             j - amulet of magic regeneration
HPRegen  0.24/turn              (no ring)
MPRegen  0.40/turn              (no ring)

@: wreathed by umbra
A: AC +12, amphibious, unfitting armour, cold-blooded
a: Renounce Religion, Shadow Step


You were on level 10 of the Dungeon.
You worshipped Dithmenos.
Dithmenos was greatly pleased with you.
You visited 3 branches of the dungeon, and saw 12 of its levels.

You collected 763 gold pieces.
You spent 126 gold pieces at shops.

Inventory:

Hand Weapons
 p - a +2 whip of electrocution
 u - a +0 dagger of venom
 w - the +3 long sword "Conservator" {freeze, rPois Int+4}
   (You took it off an orc priest on level 9 of the Dungeon)

   It freezes those it strikes, dealing additional cold damage.
   It can also slow down cold-blooded creatures.
   Int:       It affects your intelligence (+4).
   rPois:     It protects you from poison.
Missiles
 n - a throwing net
 z - 3 curare-tipped darts
Armour
 l - a scarf of harm (worn)
Jewellery
 f - a ring of protection from fire
 j - an amulet of magic regeneration (around neck)
 m - a ring of ice
Wands
 b - a wand of flame (72)
 o - a wand of acid (8)
 q - a wand of iceblast (7)
 v - a wand of mindburst (10)
 x - a wand of paralysis (4)
 y - a wand of charming (7)
Scrolls
 d - a scroll of fear
 e - 8 scrolls of teleportation
 g - 2 scrolls of blinking
 k - 7 scrolls of identify
Potions
 a - 4 potions of heal wounds
 c - 2 potions of brilliance
 h - a potion of cancellation
 i - 4 potions of curing
 r - 2 potions of flight {unknown}
 s - a potion of might {unknown}
 t - a potion of magic {unknown}


   Skills:
 + Level 4.3 Fighting
 + Level 4.2 Dodging
 - Level 3.7 Stealth
 + Level 9.3 Unarmed Combat
 - Level 4.0 Spellcasting
 + Level 10.7 Conjurations
 - Level 4.1 Hexes
 - Level 2.7 Transmutations
 + Level 9.9 Fire Magic
 - Level 3.2 Earth Magic


You couldn't memorise any spells.
You knew the following spells:

 Your Spells              Type           Power      Damage    Failure   Level
a - Magic Dart            Conj           100%       1d8       1%          1
b - Foxfire               Conj/Fire      100%       2x1d9     1%          1
c - Searing Ray           Conj           100%       3d7       1%          2
d - Dazzling Flash        Conj/Hex       74%        N/A       1%          3
e - Sticky Flame          Conj/Fire      49%        2d7       1%          4
f - Passwall              Tmut/Erth      14%        N/A       4%          2
g - Conjure Flame         Conj/Fire      49%        6-21      1%          3
h - Blink                 Tloc           N/A        N/A       17%         2

Your spell library contained the following spells:

 Spells                   Type           Power      Damage    Failure   Level
 Static Discharge         Conj/Air       28%        N/A       1%          2
 Inner Flame              Hex/Fire       35%        N/A       1%          3
 Fulminant Prism          Conj/Hex       18%        3d11      5%          4
 Freeze                   Ice            16%        1d4       11%         1
 Iskenderun's Mystic Bla  Conj/Tloc      28%        2d7       12%         4
 Spider Form              Tmut/Pois      5%         N/A       19%         3
 Lesser Beckoning         Tloc           2%         N/A       32%         3
 Animate Dead             Necr           2%         N/A       73%         4
 Dispel Undead            Necr           4%         3d7       73%         4
 Summon Ice Beast         Ice/Summ       4%         N/A       73%         4
 Manifold Assault         Tloc           4%         N/A       97%         5
 Haunt                    Necr/Summ      2%         N/A       100%        7
 Infestation              Necr           2%         N/A       100%        8
 Necromutation            Tmut/Necr      5%         N/A       100%        8


Dungeon Overview and Level Annotations

Branches:
Dungeon (10/15)            Temple (1/1) D:6            Lair (1/6) D:10
    Orc: D:9-12

Altars:
Ashenzari
Cheibriados
Dithmenos
Elyvilon
Fedhas
Gozag
Hepliaklqana
Kikubaaqudgha
Makhleb
Nemelex Xobeh
Okawaru
Qazlal
Ru
Sif Muna
Trog
Uskayaw
Vehumet
Wu Jian
Xom
Yredelemnul
Zin
The Shining One

Shops:
D:6 !   D:10 ?


Innate Abilities, Weirdness & Mutations

Your dull iron-grey scales are very hard. (AC +12)
You are amphibious.
You cannot fit into any form of body armour.
You are cold-blooded and may be slowed by cold attacks.


Message History

The blink frog closely misses you. The blink frog barely misses you.
The cane toad stings you!
* * * LOW HITPOINT WARNING * * *
The yak gores you but does no damage. The blink frog misses you.
You climb upwards.
Welcome back to the Dungeon!
There is a staircase to the Lair, spattered with blood here.
Unknown command.
You can't go up here!
Casting: Sticky Flame (dangerous; 1% risk of failure)
Confirm with . or Enter, or press ? or * to list all spells.
Aiming: Sticky Flame (dangerous; 1% risk of failure)
Press: ? - help, Shift-Dir - straight line, f - cane toad
Aim: a cane toad (umbra, 100% to hit)
The sticky flame hits the cane toad.
The cane toad is lightly wounded.
The cane toad is covered in liquid flames!
The cane toad burns!
The blink frog blinks!
The cane toad stings you!
* * * LOW HITPOINT WARNING * * *
The blink frog misses you. The yak gores you but does no damage.
The blink frog misses you.
Unknown command.
The cane toad burns!
The blink frog barely misses you. The blink frog closely misses you.
The yak barely misses you. The cane toad stings you!
* * * LOW HITPOINT WARNING * * *
The cane toad burns!
The yak gores you but does no damage. The blink frog closely misses you.
The blink frog hits you.
* * * LOW HITPOINT WARNING * * *
The blink frog blinks!
The cane toad burns!
The yak gores the plant!!
The plant begins to die.
The cane toad burns!
The cane toad stops burning.
The blink frog blinks!
The yak gores the plant!
The plant begins to die.
The blink frog blinks!
A nearby plant withers and dies.
The blink frog blinks!
The blink frog blinks!
Casting: Sticky Flame (dangerous; 1% risk of failure)
Confirm with . or Enter, or press ? or * to list all spells.
The fire begins to smoulder!
A nearby plant withers and dies.
The blink frog blinks!
The cane toad stings you!!
You die...

≈## #..........# ##
#..........# #
#..........#
#..........###
#............##
#..........#..###
#......####.....###
######.##.........##
#@#.†F...PPP.P#
#.FF....P..PPP#
#.....PF§..PPP#
##.P.PPP..>.PP#


##PPPPPPP..PP# ##PPPPPPPPP## ########### You could see a cane toad and 2 blink
frogs.

Vanquished Creatures
  4 two-headed ogres
  Sonja (D:10)
  A deep elf pyromancer (D:9)
  An orc knight (D:10)
  Pikel (D:7)
  A gargoyle (D:8)
  A cane toad (Lair:1)
  A kobold demonologist (D:8)
  Psyche (D:8)
  2 komodo dragons
  A troll (D:10)
  A hornet (D:9)
  Grinder (D:3)
  A blink frog (D:10)
  A vampire (D:8)
  A wraith (D:9)
  25 yaks
  2 steam dragons (D:9)
  A water moccasin (D:7)
  5 orc warriors
  A sky beast (D:6)
  A black bear (D:8)
  2 ogres
  5 centaurs
  A phantom (D:5)
  3 necrophages
  A lemure (D:8)
  A kobold brigand (D:9)
  6 bullfrogs
  2 scorpions
  2 gnoll sergeants (D:9)
  A water moccasin zombie (D:5)
  A water moccasin skeleton (D:5)
  5 wights
  3 jellies
  A killer bee (D:9)
  9 howler monkeys
  3 electric eels (D:10)
  3 centaur zombies
  2 bullfrog skeletons
  2 hounds (D:5)
  A gnoll shaman (D:5)
  A centaur skeleton (D:5)
  3 orc priests
  2 iguanas
  10 orc wizards
  A howler monkey zombie (D:9)
  15 gnolls
  8 adders
  A howler monkey simulacrum (D:9)
  2 ufetubi
  2 adder skeletons (D:4)
  2 worms
  4 dart slugs
  30 orcs
  4 endoplasms
  6 giant cockroaches
  4 goblins
  14 hobgoblins
  7 jackals
  3 quokkas
  5 ball pythons
  5 bats
  2 frilled lizards
  6 kobolds
  7 rats
253 creatures vanquished.

Vanquished Creatures (others)
  624 foxfires
  7 plants (D:10)
631 creatures vanquished.

Grand Total: 884 creatures vanquished

Notes
Turn   | Place    | Note
-------+----------+-------------------------------------------
     0 | D:1      | pkoi the Draconian Conjurer began the quest for the Orb.
     0 | D:1      | Reached XP level 1. HP: 14/14 MP: 3/3
    11 | D:1      | Learned a level 1 spell: Foxfire
   234 | D:1      | Reached skill level 1 in Fire Magic
   267 | D:1      | Reached XP level 2. HP: 20/20 MP: 3/5
  1038 | D:2      | Reached XP level 3. HP: 24/26 MP: 2/6
  1078 | D:2      | Noticed a necrophage
  1619 | D:2      | Learned a level 2 spell: Searing Ray
  1731 | D:2      | Found a shadowy altar of Dithmenos.
  1738 | D:2      | Became a worshipper of Dithmenos the Shadowed
  1951 | D:2      | Found a faded altar of an unknown god.
  2079 | D:2      | Killed a necrophage
  2080 | D:2      | Reached skill level 5 in Conjurations
  2080 | D:2      | Reached XP level 4. HP: 33/33 MP: 3/7
  2080 | D:2      | Reached XP level 5. HP: 38/38 MP: 3/8
  2771 | D:3      | Found a radiant altar of Vehumet.
  3176 | D:3      | Noticed Grinder
  3195 | D:3      | Paralysed by Grinder for 2 turns
  3199 | D:3      | Paralysed by Grinder for 2 turns
  3215 | D:3      | Paralysed by Grinder for 7 turns
  3675 | D:4      | Noticed an ogre
  3683 | D:4      | Killed an ogre
  3683 | D:4      | Reached * piety under Dithmenos
  3684 | D:4      | Reached skill level 1 in Unarmed Combat
  3684 | D:4      | Reached XP level 6. HP: 22/45 MP: 5/9
  4190 | D:4      | Found a sacrificial altar of Ru.
  4373 | D:5      | Entered Level 5 of the Dungeon
  4559 | D:5      | Reached skill level 6 in Conjurations
  4559 | D:5      | Your scales start taking on a dull iron-grey colour.
  4559 | D:5      | Reached XP level 7. HP: 50/50 MP: 6/10
  4714 | D:5      | Reached skill level 1 in Fighting
  4757 | D:5      | Found a shimmering altar of Xom.
  5006 | D:5      | You fall into a shaft and drop 2 floors!
  5045 | D:7      | Reached XP level 8. HP: 61/61 MP: 7/11
  5129 | D:6      | Reached ** piety under Dithmenos
  5130 | D:6      | Reached skill level 5 in Fire Magic
  5291 | D:6      | Learned a level 3 spell: Dazzling Flash
  5418 | D:6      | Found a staircase to the Ecumenical Temple.
  5704 | D:6      | Reached skill level 1 in Hexes
  5773 | D:6      | Found Uptel's Distillery.
  5778 | D:6      | Bought a potion of mutation for 112 gold pieces
  5778 | D:6      | Bought a potion of degeneration for 14 gold pieces
  6048 | D:5      | Reached skill level 7 in Conjurations
  6445 | D:7      | Reached XP level 9. HP: 55/68 MP: 9/13
  6539 | D:7      | Identified the +1 leather armour of Cuek {rC- rCorr Slay-5
                  | SInv}
  7048 | D:8      | Noticed Pikel
  7059 | D:7      | Killed Pikel
  7349 | D:8      | Noticed a gargoyle
  7358 | D:8      | Killed a gargoyle
  7359 | D:8      | Reached skill level 5 in Unarmed Combat
  8023 | D:8      | Noticed Psyche
  8031 | D:8      | Reached skill level 8 in Conjurations
  8036 | D:8      | Killed Psyche
  8554 | D:8      | Reached XP level 10. HP: 20/75 MP: 16/16
  8967 | D:9      | Got the Handbook of Glacial Changing
  8973 | D:9      | Learned a level 4 spell: Sticky Flame
  8976 | D:9      | Learned a level 2 spell: Passwall
  9086 | D:9      | Found an ornate altar of the Wu Jian Council.
  9183 | D:9      | Paralysed by a hornet for 2 turns
  9189 | D:9      | Reached skill level 1 in Transmutations
  9189 | D:9      | Reached skill level 1 in Earth Magic
  9583 | D:9      | Noticed a two-headed ogre
  9585 | D:9      | Noticed a deep elf pyromancer
  9587 | D:9      | Reached *** piety under Dithmenos
  9587 | D:9      | Noticed a two-headed ogre
  9613 | D:9      | Noticed a two-headed ogre
  9876 | D:9      | Found a shimmering blue altar of Sif Muna.
  9909 | D:9      | Noticed a rust devil
 10220 | D:3      | Found a blossoming altar of Fedhas.
 10277 | D:3      | Found a snail-covered altar of Cheibriados.
 10279 | D:3      | Found an iron altar of Okawaru.
 10280 | D:3      | Found a basalt altar of Yredelemnul.
 10297 | D:3      | Paralysed by Grinder for 4 turns
 10304 | D:3      | Paralysed by Grinder for 3 turns
 10328 | D:3      | Killed Grinder
 10691 | Temple   | Entered the Ecumenical Temple
 11020 | D:9      | Killed a two-headed ogre
 11235 | D:9      | Reached skill level 9 in Conjurations
 11382 | D:9      | Found a bloodstained altar of Trog.
 11384 | D:9      | Found a glowing golden altar of the Shining One.
 11531 | D:9      | Killed a two-headed ogre
 11866 | D:9      | Reached XP level 11. HP: 15/81 MP: 10/17
 12291 | D:9      | Killed a two-headed ogre
 12315 | D:9      | Identified the +3 long sword "Conservator" {freeze, rPois
                  | Int+4}
 12394 | D:9      | Found an opulent altar of Gozag.
 12456 | D:9      | Paralysed by an orc warrior for 6 turns
 12547 | D:9      | Killed a deep elf pyromancer
 12934 | D:10     | Entered Level 10 of the Dungeon
 12936 | D:10     | Noticed Sonja
 13273 | D:10     | Found Garaw's Magic Scroll Emporium.
 13312 | D:10     | Reached skill level 10 in Conjurations
 13332 | D:10     | Found a staircase to the Lair.
 13653 | D:10     | Learned a level 3 spell: Conjure Flame
 13739 | D:10     | Noticed a two-headed ogre
 13807 | D:10     | Killed a two-headed ogre
 14108 | D:10     | Reached **** piety under Dithmenos
 14238 | D:10     | Noticed an orc knight
 14249 | D:10     | Killed an orc knight
 14597 | D:10     | Killed Sonja
 14777 | Lair:1   | Entered Level 1 of the Lair of Beasts
 14823 | Lair:1   | Learned a level 2 spell: Blink
 15054 | D:10     | Mangled by a cane toad

Illustrated notes

Levels and vault maps discovered:
D:1:      lightli_arrival_quake, layout_basic, kennysheep_crisscross,
          st_stairs_8
D:2:      minmay_door_path, layout_loops_cross, basic_altar,
          ebering_ecumenical_altar_box
D:3:      layout_rooms, nicolae_vehumet_altar_sigil,
          mainiacjoe_overflow_catwalk, minitemple, uniq_grinder
D:4:      layout_loops_cross, mainiacjoe_overflow_six_doors_small
D:5:      layout_gridville, mainiacjoe_overflow_small_starburst,
          amcnicky_mini_pool_small, kennysheep_diamond, abandoned_shop,
          nrook_loot_triangle, minivault_1, st_stairs_5, amethyst_killhole
D:6:      layout_basic, minmay_temple_entry_poolview, serial_shops,
          nicolae_shop_statue_plus, minmay_splitting_lines, grunt_ministairs_4,
          minmay_liquid_box
D:7:      cheibrodos_quashed, layout_loops_cross
D:8:      minmay_evil_eye, layout_basic, minivault_5, uniq_pikel, uniq_psyche
D:9:      wad_guarded_room, layout_irregular_city, grunt_gozag_breadcrumbs,
          mainiacjoe_overflow_cross_hatched, mainiacjoe_overflow_alcove_2,
          gammafunk_temple_overflow_statue
D:10:     cheibrodos_orc_bank, layout_basic, david_lair_shrubbed, serial_shops,
          nicolae_shop_statue_plus, uniq_sonja
Temple:   eino_wide_crystal_templ
Lair:1:   layout_gridlike, gauntlet_entry_generic, grunt_megastairs_3,
          infiniplex_staircase_pool_2

Skill      XL: |  1  2  3  4  5  6  7  8  9 10 11 |
---------------+----------------------------------+-----
Fire Magic     | 1 3 4 5 7 8 9 |  9.9
Stealth        | 2 3 |  3.7
Conjurations   | 5 6 7 8 9 10 | 10.7
Unarmed Combat | 1 2 3 4 6 7 9 |  9.3
Dodging        | 2 3 4 |  4.2
Fighting       | 2 4 |  4.3
Hexes          | 2 4 |  4.1
Spellcasting   | 3 4 |  4.0
Transmutations | 2 |  2.7
Earth Magic    | 3 |  3.2

Action                   |  1- 3 |  4- 6 |  7- 9 | 10-12 || total
-------------------------+-------+-------+-------+-------++-------
Melee: Unarmed           |    44 |    40 |    55 |    55 ||   194
       Tailslap          |     4 |     2 |     2 |    15 ||    23
       Punch             |       |       |     2 |       ||     2
       Whip              |       |       |    14 |     1 ||    15
       Dagger            |       |       |     8 |    63 ||    71
       Long sword        |       |       |       |     5 ||     5
 Cast: Magic Dart        |    52 |    64 |    36 |    15 ||   167
       Foxfire           |    18 |    46 |   141 |   146 ||   351
       Searing Ray       |       |     4 |     8 |    30 ||    42
       Sticky Flame      |       |       |       |    15 ||    15
       Conjure Flame     |       |       |       |    10 ||    10
  Use: Scroll            |     3 |     4 |     1 |     2 ||    10
       Potion            |     1 |     5 |       |     2 ||     8
 Stab: Sleeping          |       |       |     1 |     1 ||     2
Armor: Skin              |    19 |    23 |    54 |   109 ||   205
Dodge: Dodged            |    35 |    56 |    63 |   180 ||   334
       Rpst.: Long sword |       |       |       |     8 ||     8
